 Dungeon Crawl Stone Soup version 0.26-a0-835-g8259106e14 (webtiles) character file.

Game seed: 14757102941514417214

1344 mhtbhm the Cudgeller (level 8, 0/49 HPs)
             Began as a Gargoyle Fighter on Nov 17, 2020.
             Slain by an orc warrior
             ... wielding a +0 short sword
              (5 damage)
             ... on level 6 of the Dungeon.
             The game lasted 00:05:15 (5388 turns).

mhtbhm the Cudgeller (Gargoyle Fighter)             Turns: 5388, Time: 00:05:16

Health: 0/49       AC: 19    Str: 21    XL:     8   Next: 62%
Magic:  8/8        EV:  8    Int: 10    God:
Gold:   261        SH: 12    Dex:  9    Spells: 7/7 levels left

rFire    . . .     SeeInvis .   a - +0 flail
rCold    . . .     Faith    .   c - +2 kite shield
rNeg     + . .     Spirit   .   b - +0 scale mail
rPois    ∞         Reflect  .   (no helmet)
rElec    +         Harm     .   (no cloak)
rCorr    .         Rampage  .   h - +0 pair of gloves
MR       .....                  v - +0 pair of boots
Stlth    ..........             (no amulet)
HPRegen  0.16/turn              l - +4 ring of protection
MPRegen  0.11/turn              (no ring)

@: no status effects
A: negative energy resistance 1, electricity resistance, unbreathing,
petrification resistance, rot immunity, AC +5
a: no special abilities


You were on level 6 of the Dungeon.
You visited 1 branch of the dungeon, and saw 6 of its levels.

You collected 261 gold pieces.

Inventory:

Hand Weapons
 a - a +0 flail (weapon)
Missiles
 j - 5 curare-tipped darts (quivered)
Armour
 b - a +0 scale mail (worn)
 c - a +2 kite shield (worn)
 h - a +0 pair of gloves (worn)
 v - a +0 pair of boots (worn)
Jewellery
 l - a +4 ring of protection (left hand)
Wands
 u - a wand of digging (5)
 B - a wand of enslavement (8)
 C - a wand of flame (5)
Scrolls
 e - 3 scrolls of teleportation
 f - 2 scrolls of remove curse
 n - 3 scrolls of magic mapping {unknown}
 q - 4 scrolls of fog {unknown}
 s - 4 scrolls of enchant armour {unknown}
 t - 2 scrolls of immolation {unknown}
 w - 2 scrolls of fear {unknown}
 x - a scroll of blinking {unknown}
 y - a scroll of amnesia {unknown}
 z - a scroll of enchant weapon {unknown}
 A - a scroll of identify
Potions
 d - a potion of might
 g - 2 potions of ambrosia {unknown}
 i - 5 potions of curing
 k - a potion of heal wounds
 m - 3 potions of degeneration {unknown}
 o - 2 potions of cancellation {unknown}
 p - 2 potions of brilliance {unknown}
 r - 2 potions of magic {unknown}


   Skills:
 + Level 5.0 Fighting
 + Level 7.3 Maces & Flails
 + Level 5.1 Armour
 + Level 2.1 Dodging
 + Level 0.2 Stealth
 + Level 5.9 Shields


You had 7 spell levels left.
You didn't know any spells.
Your spell library was empty.

Dungeon Overview and Level Annotations

Branches:
Dungeon (6/15)
 Temple: D:4-7

Altars:
Ashenzari
Elyvilon
Trog
Xom
Yredelemnul


Innate Abilities, Weirdness & Mutations

You are resistant to torment.
Your stone body is resilient. (AC +5)
You are immune to poison.
You resist negative energy. (rN+)
You are resistant to electric shocks. (rElec)
You can survive without breathing.
You are immune to petrification.
You are immune to rotting.


Message History

The orc warrior is moderately wounded.
The orc warrior hits you with a +0 short sword.
You hit the orc warrior.
The orc warrior is heavily wounded.
The orc warrior hits you but does no damage.
You closely miss the orc warrior.
The orc warrior is heavily wounded.
The orc warrior hits you but does no damage.
You barely miss the orc warrior.
The orc warrior is heavily wounded.
The orc warrior hits you but does no damage.
You barely miss the orc warrior.
The orc warrior is heavily wounded.
The orc warrior hits you with a +0 short sword!
* * * LOW HITPOINT WARNING * * *
The orc warrior hits you but does no damage.
You barely miss the orc warrior.
The orc warrior is heavily wounded.
The orc warrior hits you with a +0 short sword.
You die...

#.#.....#
#.##...##
#.###'########
#.......##...##
#.......#.....#
#....8..'.)...#
#.......#.....#
#.......##...##
#####@########
#.o.# #.....#
#$....# ####
#.....# ...#
##...## ##.#
##### #.# #<#


You could see an orc warrior.

Vanquished Creatures
  An ice beast (D:4)
  A phantom (D:4)
  2 ogres
  3 eyes of draining (D:5)
  A centaur (D:6)
  2 big kobolds (D:4)
  A bullfrog zombie (D:5)
  2 hounds (D:5)
  A centaur skeleton (D:4)
  3 orc wizards
  3 worker ants
  4 gnolls
  7 adders
  A white imp (D:6)
  An ufetubus (D:4)
  4 oozes
  4 worms
  2 dart slugs
  A leopard gecko (D:4)
  19 orcs
  2 ball pythons
  6 giant cockroaches
  8 goblins
  8 hobgoblins
  9 jackals
  A quokka (D:2)
  7 bats
  10 frilled lizards
  8 kobolds
  A leopard gecko skeleton (D:4)
  9 rats
132 creatures vanquished.

Notes
Turn   | Place    | Note
-------+----------+-------------------------------------------
     0 | D:1      | mhtbhm the Gargoyle Fighter began the quest for the Orb.
     0 | D:1      | Reached XP level 1. HP: 14/14 MP: 1/1
   190 | D:1      | Reached XP level 2. HP: 12/19 MP: 2/2
   430 | D:1      | Reached XP level 3. HP: 12/23 MP: 3/3
  1350 | D:2      | Reached XP level 4. HP: 28/28 MP: 4/4
  1649 | D:2      | Reached skill level 1 in Dodging
  1768 | D:2      | Reached XP level 5. HP: 23/32 MP: 5/5
  2009 | D:2      | Reached skill level 3 in Maces & Flails
  2393 | D:3      | Found a shimmering altar of Xom.
  3158 | D:4      | Found a basalt altar of Yredelemnul.
  3249 | D:4      | Noticed a big kobold
  3258 | D:4      | Noticed a big kobold
  3266 | D:4      | Killed a big kobold
  3267 | D:4      | Reached skill level 4 in Maces & Flails
  3267 | D:4      | Reached XP level 6. HP: 38/38 MP: 6/6
  3330 | D:4      | Noticed a phantom
  3348 | D:4      | Reached skill level 5 in Shields
  3353 | D:4      | Reached XP level 7. HP: 34/43 MP: 7/7
  3389 | D:4      | Reached skill level 5 in Maces & Flails
  3587 | D:4      | Found a broken altar of Ashenzari.
  3745 | D:4      | Found a white marble altar of Elyvilon.
  4030 | D:5      | Entered Level 5 of the Dungeon
  4536 | D:5      | Found a bloodstained altar of Trog.
  4566 | D:5      | Reached XP level 8. HP: 48/48 MP: 0/8
  4580 | D:5      | Reached skill level 6 in Maces & Flails
  4829 | D:5      | Reached skill level 5 in Armour
  5199 | D:6      | Reached skill level 7 in Maces & Flails
  5253 | D:6      | Reached skill level 5 in Fighting
  5388 | D:6      | Slain by an orc warrior

Illustrated notes

Levels and vault maps discovered:
D:1:      dpeg_arrival_brainrot, layout_loops_cross
D:2:      kennysheep_big_flooded_room, layout_loops_corners, st_stairs_1,
          minmay_hedge_maze
D:3:      layout_rooms, lemuel_statue_altar
D:4:      layout_loops_ring, kennysheep_ying_yang, ashenzari_altar_1,
          st_stairs_12, nrook_loot_triangle
D:5:      layout_cave_pods, trog_eyes_of_draining
D:6:      layout_basic, minmay_three_doors

Skill      XL: |  1  2  3  4  5  6  7  8 |
---------------+-------------------------+-----
Shields        | 4 5 |  5.9
Dodging        | 1 2 |  2.1
Maces & Flails | 4 5 7 |  7.3
Armour         | 4 5 |  5.1
Fighting       | 4 5 |  5.0
Stealth        | |  0.2

Action                   |  1- 3 |  4- 6 |  7- 9 || total
-------------------------+-------+-------+-------++-------
Melee: Flail             |   146 |   307 |   210 ||   663
  Use: Scroll            |       |     5 |       ||     5
Armor: Scale mail        |   100 |   199 |   100 ||   399
Dodge: Dodged            |    63 |   120 |    42 ||   225
Block: Kite shield       |    92 |   190 |   105 ||   387

Table legend: (Time is in decaauts)
 A = Elapsed time spent in this place.
 B = Non-inter-level travel time spent in this place.
 C = Inter-level travel time spent in this place.
 D = Time resting spent in this place.
 E = Time spent auto-exploring this place.
 F = Levels seen in this place.
 G = Mean time per level.
                   A        B        C        D        E       F      G
               +--------+--------+--------+--------+--------+-----+--------+
         Total |   5584 |   5340 |    244 |    228 |   3783 |   6 |  930.7 |
       Dungeon |   5584 |   5340 |    244 |    228 |   3783 |   6 |  930.7 |
               +--------+--------+--------+--------+--------+-----+--------+

Top non-repeatable levels by time:
     D:1: 1282 daAuts
     D:2: 1175 daAuts
     D:4: 1164 daAuts
     D:5: 986 daAuts
     D:3: 684 daAuts
     D:6: 290 daAuts
